groovejumper, chaotic female human Monk -------------- --------- |............| ----- -------------######|...(...| |_[..........| #[-..<.# |...........|# |.......| |........<...| # |.^.|# #############............|######-.......| |....@.......|### |...|# ----- |...........|# |.......| ------'-------0 -----# |...+#######............|# |.......| [# ### # |...| |............# -.------- # # # |...| -------------# # [# # # |...|##################### # -----.---# #### #-...|# # ) |.......-# #------ ###-----# #%# # |.......| #.>...|########## # # |.......| |.{...## ###--|----- |....0...#########.....| #.....{.| ---|----- ------ |......| # ######.......| -------- groovejumper the Initiate Experience level: 9 Strength: 18 Dexterity: 15 Constitution: 12 Intelligence: 6 Wisdom: 14 Charisma: 10 Health: 0(63) Energy: 51(51) AC: 2 Gold: 123 Moves: 5872 Your Inventory: Coins $ - 123 gold pieces Weapons x - a [blessed] fireproof [+2] runed bow of reflection [elven] I - 15 uncursed [+0] shuriken Armor a - an uncursed +2 pair of leather gloves (being worn) o - an uncursed +0 orcish helm (being worn) u - an uncursed +0 pair of water walking boots (being worn) D - an uncursed +1 robe (being worn) Comestibles y - an [uncursed] Uruk-hai corpse Rings K - an uncursed ring of regeneration Tools b - an uncursed sack W - an uncursed key [skeleton key] Contents of the sack: 1644 gold pieces 15 uncursed food rations an uncursed lichen corpse an uncursed pancake an uncursed scroll called scare monster [of scare monster] an uncursed scroll labeled GARVEN DEH [of magic mapping] an uncursed scroll labeled HACKEM MUCHE [of food detection] an uncursed scroll labeled NR 9 [of enchant weapon] an uncursed scroll labeled YUM YUM [of flood] an uncursed scroll of confuse monster a blessed scroll of earth 2 uncursed scrolls of earth an uncursed scroll of light an uncursed scroll of remove curse a blessed unlabeled scroll [of blank paper] 3 uncursed unlabeled scrolls [of blank paper] 2 uncursed clear potions [of water] an uncursed effervescent potion [of sickness] a cursed indigo potion [of monster detection] an uncursed luminescent potion [of levitation] an uncursed orange potion [of restore ability] an uncursed pink potion [of confusion] an uncursed potion of healing a blessed soapy potion [of extra healing] an uncursed steamy potion [of booze] an uncursed ring of fire resistance an uncursed ring of free action a cursed ring of polymorph an uncursed ring of protection from shape changers a cursed ring of teleportation an uncursed balsa wand [of secret door detection (0:14)] an uncursed black wand [of striking (0:6)] an uncursed cedar wand [of create monster (0:11)] an uncursed long wand [of light (0:13)] an uncursed oak wand [of make invisible (0:5)] an uncursed silver wand [of magic missile (0:4)] an uncursed spiked wand [of undead turning (0:5)] an uncursed spiked wand [of undead turning (0:7)] an uncursed wand of locking (0:7) an uncursed wand of polymorph (0:8) an uncursed wand of slow monster (0:5) an uncursed zinc wand [of digging (0:7)] an uncursed expensive camera [0:49] Spells known in the end: Name Level Category Fail Memory a - sleep 1 enchantment 0% [||||||..] b - force bolt 1 attack 0% [|||||||.] c - create monster 2 clerical 0% [|||||||.] Your skills at the end: Fighting Skills martial arts [Skilled / Grand Master] Weapon Skills Spellcasting Skills healing spells [Basic / Expert] Final Attributes: You were piously aligned. Hunger level was 56. Your alignment was 39 / 39. Monster difficulty range was 1 - 8. Level difficulty was 7. You were immune to sleep. You were immune to poison. You saw invisible. You were telepathic. You were warned. You had automatic searching. You were stealthy. You could walk on water. You were fast. You were lucky (1). You are dead. Vanquished creatures: 2 giant mimics 3 small mimics a leather golem a spotted jelly 3 leprechauns a gold golem 2 gnome mummies a snake 4 Uruk-hai 4 enormous rats a rock mole 2 ponies 2 shriekers a violet fungus a gnomish wizard a kobold mummy a red naga hatchling a golden naga hatchling a straw golem a paper golem a wax golem 3 little dogs 2 floating eyes 2 kittens a dwarf a homunculus a kobold lord 5 rothes a centipede 4 giant bats 2 Kop Sergeants 3 monkeys 3 dwarf zombies a wererat 3 werejackals an iguana 2 acid blobs a gas spore 3 hobbits 8 manes a hobgoblin 2 giant rats 5 cave spiders a brown mold 5 yellow molds a gnome 4 Keystone Kops 11 garter snakes 3 gnome zombies 2 geckos 14 jackals a fox a kobold a goblin 2 sewer rats 3 grid bugs 2 bats 8 lichens 2 kobold zombies 9 newts 160 creatures vanquished. Voluntary challenges: You pretended to be a vegetarian. You never hit with a wielded weapon. You read items or engraved 13 times. You put on armor 5 times. You never genocided any monsters. You never polymorphed an object. You never changed form. You used no wishes. You wrote Elbereth's name 1 time. You never encountered a bones level. You used 1 Sokoban shortcut. Dungeon overview: The Dungeons of Doom: levels 1 to 7 Level 1 a fountain, a sink a long staircase Level 2 a general store, some fountains, a sink Level 3 a fountain, a sink Level 4 a weapon shop a long staircase Level 5 many fountains Level 6 a potion shop stairs to Sokoban Level 7 <- You were here an altar to Huan Ti, some fountains a long staircase Sokoban: levels 3 to 5 Level 5 a magic chest stairs to The Dungeons of Doom History has recorded: On T:1 you entered the Dungeons of Doom to retrieve the Amulet of Yendor! On T:212 you reached level 2 of The Dungeons of Doom. On T:252 you advanced to experience level 2. On T:441 you advanced to experience level 3. On T:504 you advanced to experience level 4. On T:512 you reached level 3 of The Dungeons of Doom. On T:598 you advanced to experience level 5. On T:821 you reached level 4 of The Dungeons of Doom. On T:1173 you advanced to experience level 6. On T:1243 you reached level 5 of The Dungeons of Doom. On T:1257 you reached level 7 of The Dungeons of Doom. On T:1352 you reached level 6 of The Dungeons of Doom. On T:1477 you advanced to experience level 7. On T:1890 you reached level 3 of Sokoban. On T:3057 you advanced to experience level 8. On T:3059 you reached level 2 of Sokoban. On T:3385 you reached level 1 of Sokoban. On T:5763 you advanced to experience level 9. On T:5841 you received a fireproof runed bow of reflection from Huan Ti. Latest messages: You kill the Uruk-hai! You have a little trouble lifting $ - 17 gold pieces. The Uruk-hai thrusts her crude short sword. The Uruk-hai hits! [HP-11=26] You hit the Uruk-hai! You kill the Uruk-hai! There are several objects here. [HP+1=27] y - an Uruk-hai corpse. You can barely move a handspan with this load! [2 turns] [5 turns] The gold golem hits! (4x) [HP-22=5] [5 turns] You don't have enough stamina to move. The gold golem misses. The gold golem hits! You die... Final status: Punardarsanaya groovejumper the Monk... You died in The Dungeons of Doom on dungeon level 7 with 5555 points, and 1767 pieces of gold, after 5872 moves. You were level 9 with a maximum of 63 hit points when you died.